 Dungeon Crawl Stone Soup version 0.29-a0-334-gb41bcbb86e (webtiles) character file.

Game seed: 6775839944455261132

124 chopper the Covered (level 4, -6/40 HPs)
             Began as a Minotaur Fighter on Apr 15, 2022.
             Was an Initiate of Okawaru.
             Killed by nerve-wracking pain
             ... invoked by Menkaure
              (10 damage)
             ... on level 4 of the Dungeon.
             The game lasted 00:15:01 (3409 turns).

chopper the Covered (Minotaur Fighter)              Turns: 3409, Time: 00:15:01

Health: -6/40      AC:  9    Str: 21    XL:     4   Next: 81%
Magic:  3/3        EV:  7    Int:  5    God:    Okawaru [......]
Gold:   210        SH:  4    Dex: 11    Spells: 3/3 levels left

rFire   + . .      SeeInvis .   a - +0 war axe
rCold   . . .      Faith    .   c - +0 buckler
rNeg    . . .      Spirit   .   u - +0 chain mail
rPois   +          Reflect  .   (helmet restricted)
rElec   .          Harm     .   (no cloak)
rCorr   .          Rampage  .   (no gloves)
Will    .....                   (no boots)
Stlth   ..........              (no amulet)
HPRegen 0.13/turn               e - ring of poison resistance
MPRegen 0.08/turn               m - ring of protection from fire

@: mighty
A: horns 2, retaliatory headbutt
a: Renounce Religion


You were on level 4 of the Dungeon.
You worshipped Okawaru.
Okawaru was noncommittal.
You visited 2 branches of the dungeon, and saw 5 of its levels.

You collected 210 gold pieces.

Inventory:

Hand Weapons
 a - a +0 war axe (weapon)
Armour
 c - a +0 buckler (worn)
 u - a +0 chain mail (worn)
Jewellery
 e - a ring of poison resistance (left hand)
 l - an amulet of faith
 m - a ring of protection from fire (right hand)
Scrolls
 i - a scroll of enchant armour {unknown}
 k - a scroll of teleportation {unknown}
 n - 3 scrolls of identify {unknown}
 o - a scroll of immolation {unknown}
 p - a scroll of vulnerability {unknown}
 r - a scroll of summoning {unknown}
 s - a scroll of torment {unknown}
Potions
 f - a potion of invisibility {unknown}
 g - a potion of degeneration {unknown}
 h - 5 potions of curing {unknown}
 j - a potion of cancellation {unknown}
 q - a potion of brilliance {unknown}
 t - a potion of heal wounds {unknown}


   Skills:
 + Level 4.1 Fighting
 + Level 4.4 Axes
 + Level 4.6 Armour
 + Level 0.4 Dodging
 + Level 0.6 Stealth
 + Level 4.1 Shields


You had 3 spell levels left.
You didn't know any spells.
Your spell library contained the following spells:

 Spells                   Type           Power      Damage    Failure   Level
 Ensorcelled Hibernation  Hex/Ice        0%         N/A       100%        2
 Passwall                 Tmut/Erth      0%         N/A       100%        2
 Portal Projectile        Hex/Tloc       0%         N/A       100%        3
 Swiftness                Air            0%         N/A       100%        3
 Leda's Liquefaction      Hex/Erth       0%         N/A       100%        4
 Call Canine Familiar     Summ           Unusable   N/A       N/A         3

Dungeon Overview and Level Annotations

Branches:
Dungeon (4/15)             Temple (1/1) D:4

Altars:
Hepliaklqana
Makhleb
Okawaru

Annotations:
D:4 Menkaure


Innate Abilities, Weirdness & Mutations

You have a pair of horns on your head.
You reflexively headbutt those who attack you in melee.


Message History

There is a staircase back to the Dungeon here.
You start resting.
HP restored.
You climb upwards.
Welcome back to the Dungeon!
There is a staircase to the Ecumenical Temple here.
Menkaure, Prince of Dust comes into view.
Menkaure shouts!
You hear a shout!
Menkaure casts a spell.
Menkaure seems to speed up.
You hear a shout! x2
Menkaure hits you but does no damage.
You slash Menkaure!
Menkaure is heavily damaged.
Menkaure hits you!!
Ouch! That really hurt!
You block Menkaure's attack.
You barely miss Menkaure.
Menkaure is heavily damaged.
Menkaure calls on the powers of darkness!
Your body is wracked with pain!
* * * LOW HITPOINT WARNING * * *
Menkaure closely misses you.
You hit Menkaure. Your headbutt misses Menkaure.
Menkaure is heavily damaged.
Menkaure hits you but does no damage.
You hit Menkaure.
Menkaure is severely damaged.
Menkaure hits you.
* * * LOW HITPOINT WARNING * * *
Menkaure calls on the powers of darkness!
Your body is wracked with pain!
* * * LOW HITPOINT WARNING * * *
You feel very mighty all of a sudden. Menkaure hits you.
* * * LOW HITPOINT WARNING * * *
You barely miss Menkaure.
Menkaure is severely damaged.
Menkaure casts a spell at you. Pain shoots through your body!
You die...

##...#....# #. #.
##..#.#.#..## #.
#....###....##
#.#..#...#...#..##
###.... #.....#....##
.....#####.>.#####..#
......#.....#....##
#M.#...#...#†..#
#@...###....<.#
#.#..#.#.#..##.#
#.###...#...###...
#.# ##..#...# ......
#. #...>.. ..#.## #
......# #w..#
........ )#...
#####.##


You could see Menkaure (fast).

Vanquished Creatures
  A hound (D:4)
  3 adders (D:2)
  A worm (D:2)
  6 dart slugs
  4 ball pythons
  4 bats
  11 endoplasms
  3 giant cockroaches
  2 goblins
  A hobgoblin (D:3)
  3 jackals (D:2)
  A kobold (D:3)
  3 quokkas
  2 frilled lizards
  3 rats
48 creatures vanquished.

Notes
Turn   | Place    | Note
-------+----------+-------------------------------------------
     0 | D:1      | chopper the Minotaur Fighter began the quest for the Orb.
     0 | D:1      | Reached XP level 1. HP: 19/19 MP: 0/0
   713 | D:1      | Reached XP level 2. HP: 24/27 MP: 1/1
  1209 | D:2      | Found a burning altar of Makhleb.
  1404 | D:2      | Reached XP level 3. HP: 33/33 MP: 2/2
  2485 | D:3      | Reached XP level 4. HP: 40/40 MP: 3/3
  3178 | D:3      | Found a faded altar of an unknown god.
  3296 | D:4      | Found a staircase to the Ecumenical Temple.
  3328 | Temple   | Entered the Ecumenical Temple
  3341 | Temple   | Became a worshipper of Warmaster Okawaru
  3399 | D:4      | Noticed Menkaure
  3409 | D:4      | Killed from afar by Menkaure

Illustrated notes

Levels and vault maps discovered:
D:1:      lemuel_arrival_broad_hall, layout_basic, minmay_misc_feat_iff,
          ebering_dispersal_statue_hall, dreamdust_princess_bridge
D:2:      layout_basic, basic_altar
D:3:      layout_loops_ring, shapermc_ecumenical_altar_notcrosses
D:4:      layout_loops_ring, minmay_temple_entry_arrows, serial_shops,
          kennysheep_little_box, gammafunk_ghost_necromancy, uniq_menkaure
Temple:   minmay_crystal_snake_temple

Skill      XL: |  1  2  3  4 |
---------------+-------------+-----
Armour         | 4 |  4.6
Shields        | 4 |  4.1
Axes           | 3 4 |  4.4
Fighting       | 4 |  4.1
Dodging        | |  0.4
Stealth        | |  0.6

Action                   |  1- 3 |  4- 6 || total
-------------------------+-------+-------++-------
Melee: War axe           |    70 |    31 ||   101
       Headbutt          |     9 |     1 ||    10
  Use: Potion            |       |     1 ||     1
Armor: Scale mail        |    39 |    19 ||    58
       Chain mail        |       |     8 ||     8
Dodge: Dodged            |    48 |    28 ||    76
Block: Buckler           |    11 |     6 ||    17

Table legend: (Time is in decaauts)
 A = Elapsed time spent in this place.
 B = Non-inter-level travel time spent in this place.
 C = Inter-level travel time spent in this place.
 D = Time resting spent in this place.
 E = Time spent auto-exploring this place.
 F = Levels seen in this place.
 G = Mean time per level.
                   A        B        C        D        E       F      G
               +--------+--------+--------+--------+--------+-----+--------+
         Total |   3445 |   3445 |      0 |    570 |      0 |   5 |  689.0 |
       Dungeon |   3379 |   3379 |      0 |    524 |      0 |   4 |  844.8 |
        Temple |     66 |     66 |      0 |     46 |      0 |   1 |   66.0 |
               +--------+--------+--------+--------+--------+-----+--------+

Top non-repeatable levels by time:
     D:2: 1372 daAuts
     D:3: 979 daAuts
     D:1: 951 daAuts
     D:4: 76 daAuts
  Temple: 66 daAuts
